 Dungeon Crawl Stone Soup version 0.30-a0-469-g84de5afbc5 (webtiles) character file.

Game seed: 13340928101564772309

20 NinjaNoafa the Caller (level 2, -2/11 HPs)
             Began as a Felid Summoner on Dec 20, 2022.
             Slain by a kobold
             ... wielding a +0 whip
              (5 damage)
             ... on level 2 of the Dungeon.
             The game lasted 00:01:27 (1043 turns).

NinjaNoafa the Caller (Felid Summoner)              Turns: 1043, Time: 00:01:28

Health: -2/11      AC:  1    Str:  4    XL:     2   Next: 58%
Magic:  4/6        EV: 17    Int: 16    God:
Gold:   82         SH:  0    Dex: 16    Spells: 3/6 levels left
                                        Lives:  0   Deaths: 0

rFire   . . .      SeeInvis +    (weapon unavailable)
rCold   . . .      Faith    .    (shield unavailable)
rNeg    . . .      Spirit   .    (body armour unavailable)
rPois   .          Reflect  .    (helmet unavailable)
rElec   .          Harm     .    (cloak unavailable)
rCorr   .          Rampage  .    (gloves unavailable)
Will    .....                    (boots unavailable)
Stlth   ++........               (no amulet)
HPRegen 0.21/turn                (no ring)
MPRegen 0.10/turn                (no ring)

@: quick
A: very small, claws 1, fangs 3, see invisible, speed 1, shaggy fur 1, stealthy
paws, no weapons or thrown items, no armour, multi-lived
a: no special abilities


You were on level 2 of the Dungeon.
You visited 1 branch of the dungeon, and saw 2 of its levels.

You collected 82 gold pieces.

Inventory:

Scrolls
 b - a scroll of teleportation {unknown}
 c - 3 scrolls of identify {unknown}
 d - a scroll of enchant weapon {unknown}
Potions
 a - a potion of magic
 e - 2 potions of attraction {unknown}
 f - 2 potions of heal wounds {unknown}
 g - a potion of resistance {unknown}
 h - 2 potions of curing {unknown}
 i - 2 potions of brilliance {unknown}


   Skills:
 - Level 2.6 Dodging
 - Level 2.6 Stealth
 + Level 2.5 Spellcasting
 + Level 4.4 Summonings


You had 3 spell levels left.
You knew the following spells:

 Your Spells              Type           Power      Damage    Failure   Level
a - Summon Small Mammal   Summ           64%        N/A       3%          1
b - Call Imp              Summ           16%        N/A       4%          2

Your spell library contained the following spells:

 Spells                   Type           Power      Damage    Failure   Level
 Call Canine Familiar     Summ           16%        N/A       10%         3
 Summon Guardian Golem    Hex/Summ       9%         N/A       24%         3
 Summon Lightning Spire   Summ/Air       9%         N/A       61%         4
 Leda's Liquefaction      Hex/Erth       1%         N/A       89%         4
 Portal Projectile        Hex/Tloc       Unusable   N/A       N/A         3

Dungeon Overview and Level Annotations

Branches:
Dungeon (2/15)

Altars:


Innate Abilities, Weirdness & Mutations

You have sharp claws.
You have razor-sharp teeth.
You have supernaturally acute eyesight. (SInv)
You cover ground quickly. (Speed+)
You are covered in fur. (AC +1)
Your paws help you pounce on unaware monsters.
You are incapable of wielding weapons or throwing items.
You cannot wear armour.
You gain extra lives every three experience levels.


Message History

Your bat hits the bat.
The bat dies!
You swap places.
You now have 78 gold pieces (gained 3).
Found a dagger.
A rat comes into view.
A rat is nearby!
A rat is nearby!
Your bat hits the rat.
The rat dies!
Your quokka disappears in a puff of smoke!
Memorise Call Imp, consuming 2 spell levels and leaving 3?
You start memorising the spell.
You continue memorising. x2
You finish memorising.
Spell assigned to 'b'.
You now have 82 gold pieces (gained 4).
Found a sling.
A goblin comes into view. It is wielding a +0 dagger.
Found a cyan potion.
A goblin is nearby!
A goblin is nearby!
Casting: Summon Small Mammal (safe; 3% risk of failure)
Confirm with . or Enter, or press ? or * to list all spells.
A beastly little devil appears in a puff of flame.
Your crimson imp blinks!
Something closely misses your crimson imp.
A kobold comes into view. It is wielding a +0 whip.
Your crimson imp hits the goblin.
A rat comes into view.
The goblin closely misses your crimson imp.
Your crimson imp hits the goblin.
The goblin dies!
The kobold hits you with a +0 whip. The kobold closely misses you.
Your crimson imp hits the rat.
The rat dies!
The kobold hits you with a +0 whip.
* * * LOW HITPOINT WARNING * * *
Casting: Call Imp (safe; 4% risk of failure)
Confirm with . or Enter, or press ? or * to list all spells.
The kobold hits you with a +0 whip.
You die...

..)... ##..#
#.##.. #.†.#
#.##.# # #)#.#
#.##†# .##.#.#
#.##<#
..5..#######.##.#
#b.............###
#K)########.##...<
#@........#.....##
##.######.#..b..##
#.# #......... #.#
###.†...## #.#
#.b...# #.#
###.### #!# #.#
#.# #†# #.#


You could see a kobold (ally target), a friendly crimson imp (summoned) and a
friendly bat (summoned).

Vanquished Creatures (collateral kills)
  A dart slug (D:1)
  2 bats
  3 goblins
  3 hobgoblins (D:1)
  2 ball pythons
  A frilled lizard (D:1)
  2 kobolds (D:1)
  4 rats
18 creatures vanquished.

Notes
Turn   | Place    | Note
-------+----------+-------------------------------------------
     0 | D:1      | NinjaNoafa the Felid Summoner began the quest for the Orb.
     0 | D:1      | Reached XP level 1. HP: 7/7 MP: 4/4
   647 | D:1      | Reached XP level 2. HP: 11/11 MP: 3/6
  1017 | D:2      | Learned a level 2 spell: Call Imp
  1043 | D:2      | Slain by a kobold

Illustrated notes

Levels and vault maps discovered:
D:1:      grunt_arrival_lava_bath, layout_loops_ring
D:2:      layout_loops_ring

Action                   || total
-------------------------++-------
Melee: Unarmed           ||     1
 Cast: Summon Small Mamm ||    29
       Call Imp          ||     1
Dodge: Dodged            ||     8

Table legend: (Time is in decaauts)
 A = Elapsed time spent in this place.
 B = Non-inter-level travel time spent in this place.
 C = Inter-level travel time spent in this place.
 D = Time resting spent in this place.
 E = Time spent auto-exploring this place.
 F = Levels seen in this place.
 G = Mean time per level.
                   A        B        C        D        E       F      G
               +--------+--------+--------+--------+--------+-----+--------+
         Total |    924 |    903 |     21 |    100 |    601 |   2 |  462.0 |
       Dungeon |    924 |    903 |     21 |    100 |    601 |   2 |  462.0 |
               +--------+--------+--------+--------+--------+-----+--------+

Top non-repeatable levels by time:
     D:1: 843 daAuts
     D:2: 81 daAuts
